 Dungeon Crawl Stone Soup version 0.28.0-43-g3370ac3207 (webtiles) character file.

Game seed: 11690085423758904002

51 Ablot the Grasshopper (level 3, -5/31 HPs)
             Began as a Gnoll Warper on Mar 3, 2022.
             Killed by divine providence
             ... invoked by an orc priest
              (10 damage)
             ... on level 3 of the Dungeon.
             The game lasted 00:01:38 (1267 turns).

Ablot the Grasshopper (Gnoll Warper)                Turns: 1267, Time: 00:01:39

Health: -5/31      AC:  3    Str: 12    XL:     3   Next: 83%
Magic:  7/9        EV: 12    Int: 12    God:
Gold:   25         SH:  0    Dex: 11    Spells: 10/12 levels left

rFire   . . .      SeeInvis .   a - +0 spear
rCold   . . .      Faith    .   (no shield)
rNeg    . . .      Spirit   .   b - +0 leather armour
rPois   .          Reflect  .   (no helmet)
rElec   .          Harm     .   (no cloak)
rCorr   .          Rampage  .   (no gloves)
Will    .....                   (no boots)
Stlth   +.........              (no amulet)
HPRegen 0.10/turn               (no ring)
MPRegen 0.11/turn               (no ring)

@: on blink cooldown
A: fangs 1, strong nose, distributed training
a: no special abilities


You were on level 3 of the Dungeon.
You visited 1 branch of the dungeon, and saw 4 of its levels.

You collected 25 gold pieces.

Inventory:

Hand Weapons
 a - a +0 spear (weapon)
Missiles
 d - 5 boomerangs of dispersal (quivered)
 e - 62 stones
 h - 24 arrows
Armour
 b - a +0 leather armour (worn)
Scrolls
 c - a scroll of blinking
 f - a scroll of identify {unknown}
Potions
 g - a potion of flight {unknown}
 i - a potion of invisibility {unknown}


   Skills:
 + Level 4.6 Fighting
 + Level 1.0 Short Blades
 + Level 1.0 Long Blades
 + Level 1.0 Axes
 + Level 1.0 Maces & Flails
 + Level 4.6 Polearms
 + Level 1.0 Staves
 + Level 1.0 Slings
 + Level 1.0 Bows
 + Level 1.0 Crossbows
 + Level 2.6 Throwing
 + Level 2.6 Armour
 + Level 4.6 Dodging
 + Level 1.0 Stealth
 + Level 1.0 Shields
 + Level 1.0 Unarmed Combat
 + Level 5.0 Spellcasting
 + Level 0.7 Conjurations
 + Level 0.7 Hexes
 + Level 0.7 Summonings
 + Level 0.7 Necromancy
 + Level 5.4 Translocations
 + Level 0.7 Transmutations
 + Level 0.7 Fire Magic
 + Level 0.7 Ice Magic
 + Level 0.7 Air Magic
 + Level 0.7 Earth Magic
 + Level 0.7 Poison Magic
 + Level 1.0 Invocations
 + Level 1.0 Evocations


You had 10 spell levels left.
You knew the following spells:

 Your Spells              Type           Power      Damage    Failure   Level
a - Blink                 Tloc           32%        N/A       4%          2

Your spell library contained the following spells:

 Spells                   Type           Power      Damage    Failure   Level
 Gell's Gravitas          Tloc           16%        N/A       9%          3
 Lesser Beckoning         Tloc           16%        N/A       9%          3
 Teleport Other           Tloc           16%        N/A       9%          3
 Freeze                   Ice            16%        1d4       19%         1
 Portal Projectile        Hex/Tloc       20%        N/A       22%         3
 Frozen Ramparts          Ice            8%         1d2       50%         3
 Manifold Assault         Tloc           16%        N/A       58%         5
 Hailstorm                Conj/Ice       4%         3d4       88%         4
 Blade Hands              Tmut           2%         N/A       99%         5
 Excruciating Wounds      Necr           2%         N/A       99%         5


Dungeon Overview and Level Annotations

Branches:
Dungeon (4/15)
 Temple: D:4-7

Altars:


Innate Abilities, Weirdness & Mutations

You have very sharp teeth.
Your uncanny sense of smell can sniff out nearby items.
Your experience applies equally to all skills.


Message History

* * * LOW HITPOINT WARNING * * *
You hit the orc.
The orc is almost dead.
The orc closely misses you.
You hit the orc but do no damage.
The orc is almost dead.
The orc hits you with a +0 mace.
* * * LOW HITPOINT WARNING * * *
You hit the orc.
You kill the orc!
Your Short Blades skill increases to level 1!
Your Long Blades skill increases to level 1!
Your Axes skill increases to level 1!
Your Maces & Flails skill increases to level 1!
Your Staves skill increases to level 1!
Your Slings skill increases to level 1!
Your Bows skill increases to level 1!
Your Crossbows skill increases to level 1!
Your Stealth skill increases to level 1!
Your Shields skill increases to level 1!
Your Unarmed Combat skill increases to level 1!
Your Evocations skill increases to level 1!
You start resting.
A black bear comes into view.
There is a stone staircase leading up here.
The black bear barely misses you. The black bear closely misses you.
The black bear misses you.
You climb upwards.
You hear the sound of rushing water.
There is an entrance to a sewer on this level.
Hurry and find it before the portal rusts away!
You hear the brisk rusting of a very distant drain.
The orc hits you with a +0 dagger.
* * * LOW HITPOINT WARNING * * *
There is a stone staircase leading down here.
Casting: Blink (safe; 4% risk of failure)
Confirm with . or Enter, or press ? or * to list all spells.
You blink.
Found 9 gold pieces and 18 arrows.
The orc priest barely misses you.
The orc priest mumbles some strange prayers to Beogh against you.
Beogh smites you!
You die...

#.##..........
#รท.............
#.##...........
#>......o......
###..........(.
##.h.o........
#..ool#.......
##.....#.......
#$......@....#
#.##+##.#.......
# ..........#
#...........#
##.####.....# #.
.##..# #. .. ...
.. ..


You could see a black bear, 2 orc priests, 2 orcs and a frilled lizard.

Vanquished Creatures
  5 orcs
  4 ball pythons
  6 bats (D:1)
  5 endoplasms (D:1)
  4 goblins
  3 hobgoblins (D:1)
  4 jackals (D:1)
  A kobold (D:1)
  A quokka (D:1)
  A frilled lizard (D:1)
  3 rats
37 creatures vanquished.

Vanquished Creatures (others)
  A plant (D:3)
1 creature vanquished.

Grand Total: 38 creatures vanquished

Notes
Turn   | Place    | Note
-------+----------+-------------------------------------------
     0 | D:1      | Ablot the Gnoll Warper began the quest for the Orb.
     0 | D:1      | Reached XP level 1. HP: 20/20 MP: 6/6
   268 | D:1      | Reached XP level 2. HP: 26/26 MP: 7/7
   271 | D:1      | Learned a level 2 spell: Blink
   422 | D:1      | Reached XP level 3. HP: 26/31 MP: 9/9
   431 | D:1      | Reached skill level 5 in Spellcasting
   784 | D:1      | Reached skill level 1 in Invocations
   957 | D:2      | You fall into a shaft and drop 2 floors!
  1198 | D:4      | Reached skill level 1 in Short Blades
  1198 | D:4      | Reached skill level 1 in Long Blades
  1198 | D:4      | Reached skill level 1 in Axes
  1198 | D:4      | Reached skill level 1 in Maces & Flails
  1198 | D:4      | Reached skill level 1 in Staves
  1198 | D:4      | Reached skill level 1 in Slings
  1198 | D:4      | Reached skill level 1 in Bows
  1198 | D:4      | Reached skill level 1 in Crossbows
  1198 | D:4      | Reached skill level 1 in Stealth
  1198 | D:4      | Reached skill level 1 in Shields
  1198 | D:4      | Reached skill level 1 in Unarmed Combat
  1198 | D:4      | Reached skill level 1 in Evocations
  1256 | D:4      | Noticed a black bear
  1267 | D:3      | Killed from afar by an orc priest

Illustrated notes

Levels and vault maps discovered:
D:1:      eino_arrival_water_cross, layout_basic, amethyst_killhole
D:2:      minmay_spotlight, layout_basic,
          hellmonk_ecumenical_altar_leap_of_faith, minmay_surrounded, uniq_robin
D:3:      layout_basic, grunt_temple_overflow_holy_war, gup_sewer_entry_bubbles,
          serial_bayou_pond_c
D:4:      cheibrodos_quashed, layout_gridville, okawaru_altar_gauntlet_db

Skill      XL: |  1  2  3 |
---------------+----------+-----
Spellcasting   | 5 |  5.0
Invocations    | 1 |  1.0
Short Blades   | 1 |  1.0
Long Blades    | 1 |  1.0
Axes           | 1 |  1.0
Maces & Flails | 1 |  1.0
Staves         | 1 |  1.0
Slings         | 1 |  1.0
Bows           | 1 |  1.0
Crossbows      | 1 |  1.0
Stealth        | 1 |  1.0
Shields        | 1 |  1.0
Unarmed Combat | 1 |  1.0
Evocations     | 1 |  1.0
Fighting       | |  4.6
Polearms       | |  4.6
Throwing       | |  2.6
Armour         | |  2.6
Dodging        | |  4.6
Conjurations   | |  0.7
Hexes          | |  0.7
Summonings     | |  0.7
Necromancy     | |  0.7
Translocations | |  5.4
Transmutations | |  0.7
Fire Magic     | |  0.7
Ice Magic      | |  0.7
Air Magic      | |  0.7
Earth Magic    | |  0.7
Poison Magic   | |  0.7

Action                   || total
-------------------------++-------
Melee: Spear             ||   120
       Bite              ||     8
 Cast: Blink             ||     1
 Stab: Sleeping          ||     2
Armor: Leather armour    ||    22
Dodge: Dodged            ||    77
